 Dungeon Crawl Stone Soup version 0.28.0-45-g0d030f2227 (webtiles) character file.

Game seed: 18376681032602841286

49 sking99 the Chiller (level 4, 0/25 HPs)
             Began as a Kobold Ice Elementalist on May 29, 2022.
             Succumbed to an adder's poison
             ... on level 3 of the Dungeon.
             The game lasted 00:07:31 (2252 turns).

sking99 the Chiller (Kobold Ice Elementalist)       Turns: 2252, Time: 00:07:32

Health: 0/25       AC:  3    Str:  7    XL:     4   Next: 2%
Magic:  0/7        EV: 15    Int: 14    God:
Gold:   69         SH:  0    Dex: 15    Spells: 3/7 levels left

rFire   . . .      SeeInvis .   (weapon restricted)
rCold   . . .      Faith    .   (no shield)
rNeg    . . .      Spirit   .   a - +0 robe
rPois   .          Reflect  .   (no helmet)
rElec   .          Harm     .   (no cloak)
rCorr   .          Rampage  .   (no gloves)
Will    .....                   b - +0 pair of boots
Stlth   +++.......              (no amulet)
HPRegen 0.08/turn               (no ring)
MPRegen 0.10/turn               (no ring)

@: lethally poisoned (0 -> -3), hasted, very quick
A: small, no large weapons, nightstalker 3, dopey 1, passive freeze
a: no special abilities


You were on level 3 of the Dungeon.
You visited 1 branch of the dungeon, and saw 3 of its levels.

You collected 69 gold pieces.

Inventory:

Armour
 a - a +0 robe (worn)
 b - a +0 pair of boots (worn)
Scrolls
 c - a scroll of acquirement {unknown}
 e - a scroll of enchant weapon {unknown}
 h - 2 scrolls of identify {unknown}
Potions
 g - a potion of brilliance {unknown}


   Skills:
 + Level 1.2 Fighting
 + Level 3.1 Dodging
 - Level 3.0 Stealth
 + Level 2.2 Spellcasting
 * Level 4.7 Ice Magic


You had 3 spell levels left.
You knew the following spells:

 Your Spells              Type           Power      Damage    Failure   Level
a - Freeze                Ice            56%        1d7       3%          1
b - Frozen Ramparts       Ice            28%        1d4       10%         3

Your spell library contained the following spells:

 Spells                   Type           Power      Damage    Failure   Level
 Ozocubu's Armour         Ice            14%        N/A       10%         3
 Ignite Poison            Fire/Tmut/Pois 1%         N/A       56%         3
 Mephitic Cloud           Conj/Pois/Air  1%         N/A       56%         3
 Hailstorm                Conj/Ice       8%         3d4       65%         4
 Freezing Cloud           Conj/Ice/Air   2%         6-21      98%         5


Dungeon Overview and Level Annotations

Branches:
Dungeon (3/15)

Altars:

Shops:
D:1 (


Innate Abilities, Weirdness & Mutations

You are small and have problems with some larger weapons.
You are completely attuned to the shadows.
You are dopey. (Int -2)
A frigid envelope surrounds you and freezes all who hurt you.


Message History

Casting: Freeze (safe; 3% risk of failure)
Confirm with . or Enter, or press ? or * to list all spells.
Aiming: Freeze (safe; 3% risk of failure)
Press: ? - help, Shift-Dir - straight line, f - adder
Aim: an adder (lightly wounded)
You freeze the adder.
The adder is moderately wounded.
The adder barely misses you.
Your magical contamination has completely faded away.
You closely miss the adder.
The adder is moderately wounded.
The adder bites you but does no damage.
You hit the adder.
The adder is moderately wounded.
The adder bites you.
You are poisoned.
The adder poisons you! The adder bites you.
You are more poisoned.
The adder poisons you!
You miss the adder.
The adder is moderately wounded.
You feel very sick. The adder misses you.
You hit the adder but do no damage. Your punch misses the adder.
The adder is moderately wounded.
You feel sick. The adder closely misses you.
You miss the adder.
The adder is moderately wounded.
You feel sick. The adder misses you.
You closely miss the adder.
The adder is moderately wounded.
* * * LOW HITPOINT WARNING * * *
You feel sick. The adder closely misses you. The adder bites you.
* * * LOW HITPOINT WARNING * * *
It was a potion of mutation.
You feel extremely strange.
You feel stupid.
Your skin feels very cold.
* * * LOW HITPOINT WARNING * * *
You feel sick. The adder barely misses you.
It was a potion of haste.
You feel yourself speed up.
You die...

....# #.# #..# ....#
#.# ##.## ....#
###'## #..#
....####....# ##.#
......##....####.##
......##..........###
......'.............+
......##########...##
......# #@#.# ......#
#S#.. ......#
########.#.. ......#
#............
..#######.......###+#
...............†#
..............###
..............#
..............#


You could see an adder.

Vanquished Creatures
  2 adders
  2 bats
  An endoplasm (D:3)
  2 giant cockroaches
  6 goblins
  4 hobgoblins
  A quokka (D:1)
  3 ball pythons
  3 frilled lizards
  3 kobolds
  3 rats (D:1)
30 creatures vanquished.

Notes
Turn   | Place    | Note
-------+----------+-------------------------------------------
     0 | D:1      | sking99 the Kobold Ice Elementalist began the quest for the
                  | Orb.
     0 | D:1      | Reached XP level 1. HP: 10/10 MP: 3/3
   166 | D:1      | Found a faded altar of an unknown god.
   372 | D:1      | Found Curishae's Weapon Shoppe.
   458 | D:1      | Reached XP level 2. HP: 15/15 MP: 1/5
  1446 | D:2      | Reached XP level 3. HP: 19/20 MP: 3/6
  1654 | D:2      | Reached skill level 1 in Fighting
  2159 | D:3      | Learned a level 3 spell: Frozen Ramparts
  2237 | D:3      | Reached XP level 4. HP: 22/25 MP: 3/7
  2251 | D:3      | Gained mutation: You are dopey. (Int -2) [potion of
                  | mutation]
  2251 | D:3      | Gained mutation: A frigid envelope surrounds you and
                  | freezes all who hurt you. [potion of mutation]
  2251 | D:3      | HP: 1/25 [poisoned by an adder]
  2252 | D:3      | Succumbed to an adder's poison

Illustrated notes

Levels and vault maps discovered:
D:1:      lemuel_arrival_hallway, layout_basic, serial_shops,
          nicolae_shop_stone, hellmonk_ecumenical_altar_inner_sanctum
D:2:      layout_basic, minmay_misc_feat_hallway
D:3:      layout_basic, lemuel_old_faithful

Skill      XL: |  1  2  3 |
---------------+----------+-----
Stealth        | 3 |  3.0
Dodging        | 3 |  3.1
Fighting       | 1 |  1.2
Spellcasting   | |  2.2
Ice Magic      | |  4.7

Action                   |  1- 3 |  4- 6 || total
-------------------------+-------+-------++-------
Melee: Unarmed           |     3 |    10 ||    13
 Cast: Freeze            |    48 |     3 ||    51
  Use: Potion            |       |     2 ||     2
 Stab: Sleeping          |     1 |       ||     1
Armor: Robe              |     8 |     3 ||    11
Dodge: Dodged            |    32 |    11 ||    43
